 Dungeon Crawl Stone Soup version 0.17.2-1-ge4368a0 (webtiles) character file.

233532 Goblin1989 the Brawler (level 18, -3/147 HPs)
             Began as a Demonspawn Monk on Oct 15, 2016.
             Was an Initiate of Gozag.
             Shot with a bolt by a vault warden (33 damage)
             ... on level 1 of the Vaults on Oct 16, 2016.
             The game lasted 02:54:22 (39554 turns).

Goblin1989 the Brawler (Demonspawn Monk)           Turns: 39554, Time: 02:54:23

Health: -3/147     AC: 29    Str: 15    XL:     18   Next: 85%
Magic:  18/18      EV: 13    Int: 13    God:    Gozag
Gold:   2068       SH: 19    Dex: 23    Spells: 4 memorised, 9 levels left

rFire  + + .     SeeInvis +       - Unarmed
rCold  + . .     Clarity  .     N - +8 chain mail "Zymamm" {rPois rF+ rCorr Str-3}
rNeg   + . .     SustAt   .     Y - +5 shield {reflect}
rPois  +         Gourm    .     W - +1 helmet {SInv}
rElec  +         Spirit   .     X - +0 cloak
rCorr  +         Warding  +     (gloves unavailable)
rMut   .         Stasis   .     P - +0 pair of boots
MR     +....                    E - macabre finger necklace {Ward rN+}
Stlth  ..........               i - ring of Qazlal's Castigation {*Confuse rElec Dex+7 Slay+6}
                                l - ring "Axzafil" {+Fly rF+}
                                c - ring of protection from cold

@: somewhat resistant to hostile enchantments, extremely unstealthy
A: claws 3, hooves 1, yellow scales 3, demonic guardian 3, powered by death 2
a: Potion Petition, Call Merchant, Bribe Branch, Renounce Religion, Evoke Flight
}: 1/15 runes: gossamer


You were on level 1 of the Vaults.
You worshipped Gozag.
Gozag was noncommittal.
You were not hungry.

You visited 6 branches of the dungeon, and saw 36 of its levels.
You also visited: Ice Cave and Volcano.

You collected 17176 gold pieces.
You spent 4436 gold pieces at shops.
You paid 10672 gold pieces to Gozag.

Inventory:

Hand Weapons
 b - a +6 scimitar of flaming
Missiles
 v - 3 tomahawks of dispersal (quivered)
 Z - 6 throwing nets {=f, !d}
Armour
 N - the +8 chain mail "Zymamm" (worn) {rPois rF+ rCorr Str-3}
   (You found it on level 4 of the Swamp)

   It affects your strength (-3).
   It protects you from fire.
   It protects you from poison.
   It protects you from acid and corrosion.
 P - a +0 pair of boots (worn)
 W - a +1 helmet of see invisible (worn)
 X - a +0 cloak (worn)
 Y - a +5 shield of reflection (worn)
Jewellery
 c - a ring of protection from cold (on amulet)
 i - the ring of Qazlal's Castigation (right claw) {*Confuse rElec Dex+7 Slay+6}
   (You found it on level 1 of the Lair of Beasts)

   [ring of slaying]

   It affects your dexterity (+7).
   It affects your accuracy and damage with ranged weapons and melee attacks
   (+6).
   It insulates you from electricity.
   It may confuse you when you take damage.
 j - an uncursed ring of flight {unknown}
 k - a +6 ring of intelligence
 l - the ring "Axzafil" (left claw) {+Fly rF+}
   (You found it on level 6 of the Lair of Beasts)

   [ring of flight]

   It protects you from fire.
   It lets you fly.
 m - an uncursed ring of protection from magic
 y - an uncursed ring of positive energy
 E - the macabre finger necklace (around neck) {Ward rN+}
   (You bought it in a shop on level 9 of the Dungeon)

   [amulet of warding]

   It may prevent the melee attacks of summoned creatures.
   It protects you from negative energy.
Wands
 K - a wand of digging (2)
Scrolls
 a - 4 scrolls of fear
 g - 11 scrolls of remove curse {@r2}
 q - 2 scrolls of recharging
 u - 4 scrolls of summoning
 z - 2 scrolls of fog
 B - 9 scrolls of blinking
 F - 4 scrolls of immolation {!r}
 M - 6 scrolls of magic mapping
 Q - a scroll of silence {!r}
 R - 23 scrolls of identify {@r1}
 T - 8 scrolls of teleportation {!r, @r4}
Potions
 d - 4 potions of curing {@q1}
 e - 5 potions of berserk rage {!q}
 h - 8 potions of flight
 o - 2 potions of agility
 r - 3 potions of ambrosia {!q}
 D - 2 potions of resistance
 G - a potion of might
 V - 3 potions of heal wounds {!q, @q2}
Comestibles
 f - 16 bread rations {@e1}
 n - 2 meat rations {@e2}


   Skills:
 + Level 14.7 Fighting
 - Level 12.0 Armour
 + Level 9.1 Dodging
 - Level 1.7 Stealth
 * Level 14.3 Shields
 * Level 19.8 Unarmed Combat


You had 9 spell levels left.
You knew the following spells:

 Your Spells              Type           Power        Failure   Level  Hunger
h - Shroud of Golubria    Chrm/Tloc      #.........   100%        2    ###....
o - Apportation           Tloc           #.........   100%        1    ##.....
y - Song of Slaying       Chrm           #.......     100%        2    ###....
R - Regeneration          Chrm/Necr      #.........   100%        3    ####...


Dungeon Overview and Level Annotations

Branches:
Dungeon (15/15)            Temple (0/1) D:6            Lair (8/8) D:11
  Swamp (4/4) Lair:5       Spider (4/4) Lair:5        Slime (0/6) Lair:8
    Orc (4/4) D:11            Elf (0/3) Orc:4        Vaults (1/5) D:13
 Depths (0/5) D:15

Altars:
Dithmenos
Elyvilon
Fedhas
Gozag
Makhleb
Sif Muna
Vehumet
Zin
The Shining One

Shops:
D:9 =   Orc:1 =   Orc:4 :*[(???   Vaults:1 [%[%?

Portals:
Trove: D:11 (show abyssal rune of Zot)

Annotations:
D:3 magog001's ghost, amateur HEHu
D:7 Tobisume's ghost, novice DsFi
D:8 exclusion: ice statue
Lair:6 exclusion: oklob plant
Spider:3 Arachne


Innate Abilities, Weirdness & Mutations

You have claws for hands.
You are completely covered in yellow scales (AC +4, rCorr).
A powerful demonic guardian rushes to your aid.
You regenerate health from kills.
You have large cloven feet.


Message History

* * * LOW HITPOINT WARNING * * *
The vault warden hits your cacodemon with a battleaxe of freezing.
The vault warden freezes your cacodemon.
Your cacodemon hits the vault warden! Your cacodemon hits the vault warden.
The vault warden dies!
You take 43 damage, and have 21/147 hp.
MASSIVE DAMAGE!!
Your cacodemon disappears in a puff of smoke!
The ironbrand convoker casts a spell at something.
You hear a shout!
You regained 2 hp, and now have 24/147 hp.
The vault warden activates a sealing rune.
The vault warden unwields an uncursed halberd of protection.
The vault warden wields an arbalest.
The vault warden shoots a bolt.
You reflect the bolt off your +5 shield of reflection!
The bolt hits the vault warden!!
You regained 2 hp, and now have 28/147 hp.
Your reaper hits the ironbrand convoker from afar with a vampiric scythe!!
The vault warden shoots a bolt.
The bolt hits you!!
You die...
Your body crumbles into a pile of gold. ਜ.......ਜ ਜ...ਜਜਜ..ਜਜ... ਜਜਜਜਜਜਜਜਜ ਜਜਜਜਜ

ਜਜਜਜਜ... ਜ... ਜ... ਜ... ਜ...
ਜਜਜਜਜਜਜਜਜਜਜਜਜਜਜਜਜਜਜਜਜਜਜਜਜ...
............................
...........@................
........2...ਜਜਜਜਜਜਜਜ........
..........p.ਜ......ਜ........
ਜਜਜਜਜ......ਜ...(..ਜ........
ਜ......ਜ......ਜ.....ਜਜਜ
ਜਜਜ......ਜ......ਜ.....ਜ..
.ਜ.ਜcਜ.ਜp.....ਜ......ਜ.....ਜ..
...∆ppcp......ਜ....).∆.....ਜ..
...∆.ccਜ......ਜ......ਜ.....ਜ..


You could see 2 vault wardens, an ironbrand convoker and a friendly reaper.

Vanquished Creatures
  Asterion (Spider:1)
  Kirke (Spider:1)
  A storm dragon (Vaults:1)
  Roxanne (Swamp:3)
  Donald (Swamp:2)
  Maud (D:11)
  A fire giant (D:14)
  Aizul (Swamp:1)
  8 ghost moths
  6 emperor scorpions
  4 ironheart preservers (Vaults:1)
  Azrael (Spider:1)
  A white draconian (IceCv)
  An ettin (D:13)
  The ghost of pedritolo the Unseen, a journeyman SpEn of Dithmenos (Spider:4)
  A yaktaur captain (Vaults:1)
  6 entropy weavers
  A vault guard (D:13)
  A rakshasa (D:13)
  An ice dragon (Vaults:1)
  10 hydras
  A ghost crab (Swamp:3)
  The ghost of pedritolo the Unseen, a journeyman SpEn of Dithmenos (Spider:4)
  A catoblepas (Lair:3)
  2 deep troll shamans (Vaults:1)
  4 centaur warriors
  4 death yaks (Lair:6)
  2 ogre magi (Vaults:1)
  A tengu warrior (D:13)
  10 alligators
  Urug (D:15)
  An orc high priest (Orc:4)
  3 skeletal warriors
  A shadow wraith (Vaults:1)
  A deep elf knight (Vaults:1)
  6 wizards
  A giant orange brain (Vaults:1)
  2 spriggan druids (Swamp:1)
  13 hill giants
  A phantasmal warrior (D:15)
  8 deep trolls (Vaults:1)
  Pikel (D:5)
  5 orc sorcerers
  A necromancer (D:15)
  An ironbrand convoker (Vaults:1)
  3 unseen horrors
  15 wolf spiders
  9 orc knights
  A wolf spider zombie (D:15)
  A hornet (shapeshifter) (Vaults:1)
  2 frost giant zombies (D:15)
  4 hornets
  An iron dragon zombie (D:15)
  2 manticores (D:13)
  3 cyclopes
  37 ugly things
  12 orb spiders
  3 griffons (Vaults:1)
  An oklob plant (Lair:5)
  A moth of wrath (shapeshifter) (D:13)
  5 moths of wrath
  4 black mambas
  3 elephants (Lair:5)
  2 vault sentinels (Vaults:1)
  6 torpor snails
  21 spiny frogs
  2 yaktaurs (Vaults:1)
  22 demonic crawlers
  4 efreet
  10 komodo dragons
  A two-headed ogre (shapeshifter) (Vaults:1)
  A freezing wraith (Vaults:1)
  10 polar bears (IceCv)
  4 trolls
  29 jumping spiders
  Prince Ribbit (D:5)
  4 giant leeches
  6 two-headed ogres
  A wolf spider simulacrum (D:13)
  9 bog bodies
  17 blink frogs
  A raiju (shapeshifter) (D:13)
  28 slime creatures
  A boulder beetle (Spider:2)
  4 spriggans
  7 wraiths
  4 shadows
  A deep troll skeleton (D:15)
  Sigmund (D:6)
  39 redbacks
  18 tarantellas
  2 deep elf magi
  2 water elementals
  77 yaks
  Eustachio (D:5)
  19 trapdoor spiders
  A hog (Spider:1)
  13 humans (D:13)
  3 hungry ghosts
  2 basilisks
  3 fire elementals (Spider:1)
  11 hippogriffs
  3 deep elf fighters (D:14)
  5 wyverns
  28 vampire mosquitoes
  4 mottled dragons
  18 swamp worms
  Menkaure (D:5)
  3 steam dragons
  2 wargs
  29 insubstantial wisps
  Edmund (D:6)
  8 wolves (IceCv)
  A soldier ant (D:13)
  2 sky beasts
  7 wasps
  3 hell hounds (Spider:1)
  15 porcupines
  32 spiders
  13 water moccasins
  2 necrophages
  6 swamp drakes
  A black bear (D:9)
  An eye of draining (shapeshifter) (D:13)
  13 ice beasts
  23 ogres
  39 orc warriors
  2 slaves (D:5)
  An eye of draining (D:13)
  2 phantoms
  A big kobold (D:15)
  17 centaurs
  15 crocodiles
  Blork the orc (D:6)
  A gnoll sergeant (D:11)
  42 giant frogs
  3 wyvern skeletons
  A killer bee (D:9)
  4 wights
  A lava snake (Lair:8)
  3 centaur zombies
  5 electric eels
  7 crimson imps
  3 giant frog zombies
  6 jellies
  A wasp zombie (D:12)
  5 giant frog skeletons
  5 hounds
  Ijyb (D:2)
  A gnoll shaman (D:7)
  29 orc priests
  A quasit (D:10)
  10 iguanas
  A centaur skeleton (D:7)
  5 worker ants
  29 orc wizards
  13 sheep
  A hound skeleton (D:6)
  10 gnolls
  A worker ant zombie (D:8)
  10 adders
  47 river rats
  3 shadow imps
  2 oozes
  An adder zombie (D:7)
  4 worms
  3 adder skeletons
  3 giant geckos
  186 orcs
  6 bats
  4 giant cockroaches
  10 goblins
  4 hobgoblins
  9 kobolds
  3 quokkas
  9 giant newts
  4 jackals (D:9)
  16 rats
  4 plants
1433 creatures vanquished.

Vanquished Creatures (collateral kills)
  Nikola (Spider:3)
  A ghost moth (Spider:3)
  A vault warden (Vaults:1)
  An emperor scorpion (Spider:4)
  Louise (Swamp:3)
  An orc warlord (Orc:4)
  An ironheart preserver (Vaults:1)
  3 hydras
  A ghost crab (Swamp:3)
  An alligator (Swamp:2)
  3 death yaks
  2 orc high priests (Orc:4)
  Sonja (D:10)
  A deep troll (Vaults:1)
  A swamp dragon (Swamp:1)
  A hill giant (D:13)
  2 orc sorcerers (Orc:4)
  An orb spider (shapeshifter) (D:15)
  A wolf spider (Spider:3)
  6 ugly things
  4 elephants (Lair:5)
  2 orb spiders (Spider:4)
  A black mamba (Lair:2)
  An ice statue (IceCv)
  2 torpor snails
  A spiny frog (Lair:2)
  A centaur skeleton (D:9)
  A komodo dragon (D:14)
  A demonic crawler (Spider:2)
  A freezing wraith (D:13)
  4 jumping spiders (Spider:4)
  A two-headed ogre (D:9)
  3 trolls
  A polar bear (IceCv)
  6 slime creatures
  2 blink frogs
  2 tarantellas (Spider:2)
  6 redbacks
  7 humans (D:13)
  15 yaks
  2 trapdoor spiders (Spider:4)
  A hippogriff (Lair:7)
  3 wolves (IceCv)
  2 insubstantial wisps
  3 vampire mosquitoes
  2 swamp worms
  2 wasps (Swamp:3)
  2 hell hounds (Spider:1)
  7 spiders
  An ogre (Orc:4)
  An orc warrior (Orc:4)
  A centaur (D:15)
  2 giant frogs
  2 wights (D:9)
  An electric eel (Lair:8)
  5 orc wizards
  3 orc priests (Orc:4)
  A giant frog skeleton (D:13)
  A sheep (Lair:7)
  A river rat (Lair:6)
  6 orcs
  A fungus (D:11)
143 creatures vanquished.

Vanquished Creatures (others)
  A hydra (Swamp:4)
  An orb spider (Spider:3)
  A demonic crawler (Spider:4)
  A polar bear (IceCv)
  A giant leech (Swamp:2)
  A deep elf mage (D:13)
  A yak (IceCv)
  A shadow (Swamp:1)
  A human (Spider:1)
  4 wolves (IceCv)
  A mottled dragon (D:14)
  A swamp worm (Swamp:1)
  4 centaurs (D:15)
  4 orcs
  4 briar patches (Swamp:4)
  6 fungi
  8 plants
41 creatures vanquished.

Grand Total: 1617 creatures vanquished

Notes
Turn   | Place    | Note
--------------------------------------------------------------
     0 | D:1      | Goblin1989 the Demonspawn Monk began the quest for the Orb.
     0 | D:1      | Reached XP level 1. HP: 18/18 MP: 1/1
    94 | D:1      | Reached skill level 4 in Unarmed Combat
   102 | D:1      | Gained mutation: You regenerate a little health from kills. [demonic ancestry]
   102 | D:1      | Reached XP level 2. HP: 17/24 MP: 2/2
   825 | D:2      | Found a deep blue altar of Sif Muna.
   900 | D:2      | Reached XP level 3. HP: 26/29 MP: 3/3
  1064 | D:2      | Noticed Ijyb
  1078 | D:2      | Killed Ijyb
  1078 | D:2      | Reached skill level 5 in Unarmed Combat
  1123 | D:2      | Reached XP level 4. HP: 35/35 MP: 4/4
  1303 | D:2      | Found a burning altar of Makhleb.
  1682 | D:3      | Noticed magog001's ghost (amateur HEHu)
  1940 | D:3      | Found a shadowy altar of Dithmenos.
  1946 | D:4      | Noticed an ice beast
  2058 | D:4      | Noticed an ogre
  2099 | D:3      | Reached XP level 5. HP: 38/41 MP: 5/5
  2314 | D:4      | Reached skill level 6 in Unarmed Combat
  2368 | D:5      | Entered Level 5 of the Dungeon
  2368 | D:5      | Noticed Eustachio
  2721 | D:5      | Noticed Pikel
  2721 | D:5      | Noticed a slave
  2732 | D:5      | Noticed a phantom
  2775 | D:5      | Killed Eustachio
  2775 | D:5      | Gained mutation: You are partially covered in yellow scales (AC +2). [demonic ancestry]
  2775 | D:5      | Reached XP level 6. HP: 35/47 MP: 6/6
  2850 | D:5      | Killed a phantom
  2850 | D:5      | Reached skill level 7 in Unarmed Combat
  2909 | D:5      | Found a glowing golden altar of the Shining One.
  2930 | D:5      | Noticed Prince Ribbit
  3414 | D:5      | Noticed Menkaure
  3473 | D:6      | Noticed Edmund
  3488 | D:6      | Killed Edmund
  3488 | D:6      | Gained mutation: A weak demonic guardian rushes to your aid. [demonic ancestry]
  3488 | D:6      | Reached XP level 7. HP: 34/52 MP: 7/7
  3576 | D:6      | Noticed Blork the orc
  3587 | D:6      | Killed Blork the orc
  3587 | D:6      | Reached skill level 8 in Unarmed Combat
  3745 | D:6      | Found an opulent altar of Gozag.
  3760 | D:6      | Became a worshipper of Gozag Ym Sagoz the Greedy
  3897 | D:6      | Found a staircase to the Ecumenical Temple.
  3900 | D:6      | Reached skill level 9 in Unarmed Combat
  4079 | D:7      | Found a blossoming altar of Fedhas.
  4079 | D:7      | Found a white marble altar of Elyvilon.
  4178 | D:5      | Noticed Sigmund
  4208 | D:6      | Killed Sigmund
  4208 | D:6      | Gained mutation: You have sharp fingernails. [demonic ancestry]
  4208 | D:6      | Reached XP level 8. HP: 24/58 MP: 8/8
  4360 | D:5      | Killed Menkaure
  4406 | D:5      | Found a glowing golden altar of the Shining One.
  4540 | D:5      | Killed Prince Ribbit
  4540 | D:5      | Reached skill level 10 in Unarmed Combat
  4596 | D:5      | Got a slimy leather armour
  4611 | D:5      | Identified the +5 leather armour of the Loofah {Dex+4 Slay+3} (You found it on level 5 of the Dungeon)
  4617 | D:5      | Noticed a slave
  4618 | D:5      | Noticed a slave
  4637 | D:5      | Killed a slave
  4647 | D:5      | Noticed a slave
  4660 | D:5      | Killed a slave
  4672 | D:5      | Killed Pikel
  5004 | D:7      | Gained mutation: A demonic guardian rushes to your aid. [demonic ancestry]
  5004 | D:7      | Reached XP level 9. HP: 62/65 MP: 9/9
  5127 | D:7      | Found Okhlocue's Food Boutique.
  5134 | D:7      | Bought a bread ration for 50 gold pieces
  5134 | D:7      | Bought a royal jelly for 20 gold pieces
  5134 | D:7      | Bought a bread ration for 50 gold pieces
  5134 | D:7      | Bought a slice of pizza for 15 gold pieces
  5134 | D:7      | Bought a slice of pizza for 15 gold pieces
  5134 | D:7      | Bought a meat ration for 50 gold pieces
  5186 | D:7      | Reached skill level 11 in Unarmed Combat
  5249 | D:7      | Noticed Tobisume's ghost (novice DsFi)
  5545 | D:7      | Noticed a spriggan baker
  5548 | D:7      | Killed a spriggan baker
  5619 | D:7      | Found a glowing silver altar of Zin.
  5840 | D:8      | Reached skill level 5 in Fighting
  6289 | D:8      | Noticed an ice statue
  7163 | D:9      | Noticed a centaur skeleton
  7168 | D:9      | Killed a centaur skeleton
  7168 | D:9      | Reached skill level 5 in Dodging
  7341 | D:9      | Found a radiant altar of Vehumet.
  7352 | D:9      | Gained mutation: You regenerate health from kills. [demonic ancestry]
  7352 | D:9      | Reached XP level 10. HP: 76/76 MP: 10/10
  7394 | D:9      | Reached skill level 12 in Unarmed Combat
  7495 | D:9      | Found Cuedauc's Jewellery Shop.
  7667 | D:9      | Bought a +3 ring of slaying for 450 gold pieces
  7667 | D:9      | Bought an uncursed ring of protection from cold for 250 gold pieces
  7667 | D:9      | Bought the macabre finger necklace {Ward rN+} for 220 gold pieces
  7977 | D:10     | Entered Level 10 of the Dungeon
  7993 | D:10     | Noticed Sonja
  8019 | D:10     | Killed Sonja
  8808 | D:10     | Noticed a hill giant
  8814 | D:10     | Killed a hill giant
  8814 | D:10     | Reached skill level 13 in Unarmed Combat
  9044 | D:11     | Noticed a hill giant
  9044 | D:11     | Noticed Maud
  9527 | D:12     | Noticed a hill giant
  9527 | D:12     | Reached XP level 11. HP: 84/84 MP: 11/11
  9533 | D:12     | Killed a hill giant
  9622 | D:12     | Noticed a red ugly thing
  9649 | D:12     | Killed a red ugly thing
  9863 | D:12     | Reached skill level 1 in Shields
 10264 | D:11     | Found a staircase to the Orcish Mines.
 10272 | D:11     | Found a portal to a secret trove of treasure.
 10293 | Orc:1    | Entered Level 1 of the Orcish Mines
 10711 | Orc:1    | Found Najinn's Jewellery Emporium.
 10719 | Orc:1    | Bought an uncursed ring of poison resistance for 240 gold pieces
 10719 | Orc:1    | Bought an uncursed ring of protection from magic for 300 gold pieces
 11279 | Orc:3    | Found a frozen archway.
 11341 | IceCv    | Entered an ice cave
 12616 | IceCv    | Reached skill level 14 in Unarmed Combat
 12690 | IceCv    | Gained mutation: You are mostly covered in yellow scales (AC +3). [demonic ancestry]
 12690 | IceCv    | Reached XP level 12. HP: 94/94 MP: 12/12
 12899 | IceCv    | Noticed a white draconian
 12899 | IceCv    | Noticed a death yak
 12930 | IceCv    | Killed a death yak
 12966 | IceCv    | Killed a white draconian
 13603 | Orc:3    | Reached skill level 5 in Shields
 14438 | Orc:4    | Entered Level 4 of the Orcish Mines
 14480 | Orc:4    | Bought a scroll of magic mapping for 49 gold pieces
 14513 | Orc:4    | Found a dark tunnel.
 14518 | Volcano  | Entered a volcano
 15038 | Orc:4    | Found a staircase to the Elven Halls.
 15270 | Orc:4    | Noticed an orc warlord
 15447 | Orc:4    | Killed an orc warlord
 15908 | Orc:4    | Reached XP level 13. HP: 87/102 MP: 13/13
 16030 | Orc:4    | Found Icivian's Antique Armour Emporium.
 16031 | Orc:4    | Found Anateing's Antique Weapon Emporium.
 16032 | Orc:4    | Found Goudwe's General Store.
 16032 | Orc:4    | Found Luzxuan's Book Shoppe.
 16036 | Orc:4    | Bought a scroll of recharging for 133 gold pieces
 16036 | Orc:4    | Bought a meat ration for 70 gold pieces
 16036 | Orc:4    | Bought 4 fruits for 84 gold pieces
 16036 | Orc:4    | Bought a scroll of identify for 28 gold pieces
 16046 | Orc:4    | Bought a polished chain mail for 237 gold pieces
 16056 | Orc:4    | Identified the +4 chain mail of the Merchant {rPois Str+3} (You bought it in a shop on level 4 of the Orcish Mines)
 16344 | Orc:4    | Bought a scroll of holy word for 105 gold pieces
 16344 | Orc:4    | Bought a scroll of teleportation for 42 gold pieces
 16344 | Orc:4    | Bought a scroll of identify for 28 gold pieces
 16344 | Orc:4    | Bought a scroll of identify for 28 gold pieces
 16344 | Orc:4    | Bought a scroll of identify for 28 gold pieces
 16344 | Orc:4    | Bought a scroll of teleportation for 42 gold pieces
 16345 | Orc:4    | Bought a scroll of vulnerability for 120 gold pieces
 16345 | Orc:4    | Bought a scroll of identify for 32 gold pieces
 16345 | Orc:4    | Bought a scroll of identify for 32 gold pieces
 16346 | Orc:4    | Bought a scroll of identify for 24 gold pieces
 16346 | Orc:4    | Bought a scroll of identify for 24 gold pieces
 16346 | Orc:4    | Bought a scroll of identify for 24 gold pieces
 16346 | Orc:4    | Bought a scroll of torment for 90 gold pieces
 16346 | Orc:4    | Bought a scroll of summoning for 114 gold pieces
 16434 | D:11     | Found a staircase to the Lair.
 16487 | Lair:1   | Entered Level 1 of the Lair of Beasts
 16495 | Lair:1   | Reached skill level 15 in Unarmed Combat
 16576 | Lair:1   | Reached skill level 1 in Armour
 16741 | Lair:1   | Got a crude amber ring
 16743 | Lair:1   | Identified the ring of Qazlal's Castigation {*Confuse rElec Dex+7 Slay+6} (You found it on level 1 of the Lair of Beasts)
 17404 | Lair:1   | Reached skill level 10 in Fighting
 17535 | Lair:2   | Found a radiant altar of Vehumet.
 18354 | Lair:3   | Got a fine robe
 18365 | Lair:3   | Identified the cursed +0 robe "Ynwuuse" {-Cast rPois Int+6 Dex+3} (You found it on level 3 of the Lair of Beasts)
 18703 | Lair:3   | Learned a level 1 spell: Apportation
 19959 | Lair:5   | Found a staircase to the Swamp.
 20074 | Lair:5   | Found a hole to the Spider Nest.
 20238 | Lair:5   | Reached skill level 5 in Armour
 20597 | Lair:5   | Gained mutation: You have very sharp fingernails. [demonic ancestry]
 20597 | Lair:5   | Reached XP level 14. HP: 111/111 MP: 14/14
 21083 | Lair:6   | Got a shimmering platinum ring
 21088 | Lair:5   | Identified the ring "Axzafil" {+Fly rF+} (You found it on level 6 of the Lair of Beasts)
 22061 | Lair:7   | Reached skill level 16 in Unarmed Combat
 22944 | Lair:8   | Entered Level 8 of the Lair of Beasts
 23130 | Lair:8   | Found a staircase to the Slime Pits.
 23581 | Lair:8   | Got a tattered robe
 24191 | Swamp:1  | Entered Level 1 of the Swamp
 24241 | Swamp:1  | Noticed Aizul
 24260 | Swamp:1  | Killed Aizul
 24774 | Swamp:1  | Reached XP level 15. HP: 117/119 MP: 15/15
 24943 | Swamp:1  | Learned a level 2 spell: Song of Slaying
 24947 | Swamp:1  | Learned a level 3 spell: Regeneration
 24950 | Swamp:1  | Learned a level 2 spell: Shroud of Golubria
 25498 | Swamp:2  | Noticed Donald
 25507 | Swamp:2  | Killed Donald
 26095 | Swamp:3  | Noticed Roxanne
 26226 | Swamp:3  | Reached skill level 17 in Unarmed Combat
 26256 | Swamp:3  | Noticed Louise
 26278 | Swamp:3  | Killed Louise
 26771 | Swamp:3  | Killed Roxanne
 26981 | Swamp:4  | Entered Level 4 of the Swamp
 27042 | Swamp:4  | Got a polished chain mail
 27053 | Swamp:4  | Identified the +8 chain mail "Zymamm" {rPois rF+ rCorr Str-3} (You found it on level 4 of the Swamp)
 27094 | Swamp:4  | Reached skill level 10 in Shields
 27108 | Swamp:4  | Noticed a thorn hunter
 27702 | D:11     | Killed Maud
 27709 | D:11     | Noticed an unseen horror
 27711 | D:11     | Killed an unseen horror
 27795 | D:11     | Killed a hill giant
 28870 | D:13     | Identified Qietiph's Handbook of Freezing Conjuration
 28930 | D:13     | Gained mutation: You have claws for hands. [demonic ancestry]
 28930 | D:13     | Reached XP level 16. HP: 121/129 MP: 16/16
 30176 | Orc:4    | Bought a scroll of enchant weapon for 105 gold pieces
 30179 | Orc:4    | Bought a scroll of enchant weapon for 90 gold pieces
 30436 | D:13     | Found a gate to the Vaults.
 30864 | D:13     | You fall through a shaft for 2 floors!
 30864 | D:15     | Entered Level 15 of the Dungeon
 30953 | D:14     | Reached skill level 10 in Armour
 31527 | D:14     | Reached skill level 18 in Unarmed Combat
 31706 | D:14     | Got a pitted battleaxe
 32397 | D:15     | Noticed Urug
 32409 | D:15     | Killed Urug
 32687 | D:15     | Found a staircase to the Depths.
 33583 | Spider:1 | Entered Level 1 of the Spider Nest
 33588 | Spider:1 | Noticed Asterion
 33620 | Spider:1 | Noticed Azrael
 33626 | Spider:1 | Killed Asterion
 33626 | Spider:1 | Gained mutation: You are completely covered in yellow scales (AC +4, rCorr). [demonic ancestry]
 33626 | Spider:1 | Reached XP level 17. HP: 77/137 MP: 17/17
 33642 | Spider:1 | Killed Azrael
 33906 | Spider:1 | Noticed Kirke
 33925 | Spider:1 | Killed Kirke
 34914 | Spider:2 | Gained mutation: You have large cloven feet. [potion of beneficial mutation]
 35506 | Spider:3 | Noticed Nikola
 35683 | Spider:3 | Killed Nikola
 35761 | Spider:3 | Noticed Mara
 35763 | Spider:3 | Noticed Goblin1989's illusion
 35779 | Spider:3 | Noticed Arachne
 36156 | Spider:4 | Entered Level 4 of the Spider Nest
 36160 | Spider:4 | Noticed pedritolo's ghost (journeyman SpEn)
 36179 | Spider:4 | Noticed pedritolo's ghost (journeyman SpEn)
 36203 | Spider:4 | Killed pedritolo's ghost
 36220 | Spider:4 | Killed pedritolo's ghost
 36368 | Spider:4 | Reached skill level 19 in Unarmed Combat
 36692 | Spider:4 | Gained mutation: A powerful demonic guardian rushes to your aid. [demonic ancestry]
 36692 | Spider:4 | Reached XP level 18. HP: 102/146 MP: 0/18
 37334 | Spider:4 | Got a gossamer rune of Zot
 37863 | Vaults:1 | Entered Level 1 of the Vaults
 38014 | Vaults:1 | Bought a bloodstained ring mail for 387 gold pieces
 38024 | Vaults:1 | Identified the +6 ring mail "Fytik" {-Cast MP+9 Dex+2 SInv} (You bought it in a shop on level 1 of the Vaults)
 38177 | Vaults:1 | Bought 3 scrolls of blinking for 472 gold pieces
 38177 | Vaults:1 | Bought a scroll of identify for 42 gold pieces
 38177 | Vaults:1 | Bought a scroll of identify for 42 gold pieces
 38177 | Vaults:1 | Bought a scroll of identify for 42 gold pieces
 38177 | Vaults:1 | Bought a scroll of identify for 42 gold pieces
 38177 | Vaults:1 | Bought a scroll of enchant armour for 157 gold pieces
 38177 | Vaults:1 | Bought a scroll of teleportation for 63 gold pieces
 39554 | Vaults:1 | Shot with a bolt by a vault warden

Action                   |  1- 3 |  4- 6 |  7- 9 | 10-12 | 13-15 | 16-18 || total
-------------------------+-------+-------+-------+-------+-------+-------++-------
Melee: Unarmed           |    98 |   236 |   340 |   986 |  1698 |  1855 ||  5213
       Scimitar          |       |       |       |       |       |    15 ||    15
Invok: Potion Petition   |       |       |     1 |     1 |       |     3 ||     5
       Call Merchant     |       |       |       |     3 |       |     5 ||     8
Evoke: Wand              |       |       |       |     3 |     1 |     2 ||     6
  Use: Scroll            |       |     4 |     7 |    10 |     8 |    20 ||    49
       Potion            |       |     3 |     1 |     5 |     2 |     6 ||    17
 Stab: Sleeping          |     6 |     3 |     5 |     6 |       |       ||    20
       Distracted        |       |       |     3 |    13 |    20 |    20 ||    56
       Invisible         |       |       |     7 |    17 |       |     6 ||    30
       Confused          |       |       |       |       |     1 |       ||     1
  Eat: Chunk             |     1 |     4 |     3 |       |       |     1 ||     9
       Pizza             |       |     1 |       |     2 |     2 |     3 ||     8
       Fruit             |       |       |     1 |       |    10 |       ||    11
       Meat ration       |       |       |     1 |     3 |     5 |     6 ||    15
       Royal jelly       |       |       |     3 |       |       |       ||     3
       Beef jerky        |       |       |       |     2 |     2 |     4 ||     8
       Bread ration      |       |       |       |     2 |     1 |       ||     3

Vault maps used:
D:1:      evilmike_arrival_run_for_it, hangedman_decor_clover_reticule
D:2:      makhleb_heckhound_becter, old_standard_altar, kennysheep_nub,
          kennysheep_generic_room_9, uniq_iyjb
D:3:      grunt_dithmenos_smoke_and_mirrors, first_bread, minmay_strange_pillars
D:4:      tgw_xom, bh_chokoban
D:5:      tso_altar, kennysheep_flooded_box, uniq_sigmund, uniq_prince_ribbit1,
          uniq_pikel, uniq_eustachio, uniq_menkaure
D:6:      minmay_temple_entry_hall,
          nicolae_gozag_cash_rules_everything_around_me, uniq_blork_the_orc,
          uniq_edmund
D:7:      gammafunk_temple_overflow_wave, nicolae_overflow_hidden_temple,
          serial_shops, shop, the_bakery
D:8:      minmay_statue_hallways, minivault_26
D:9:      nicolae_overflow_crystal_walls, serial_shops, shop
D:10:     grunt_ministairs_9, nicolae_twisting_strands, uniq_sonja
D:11:     due_lair_maze_entry_diamond, orc_0_dummy, enter_trove_1,
          minmay_joined_circles, uniq_maud
D:13:     evilmike_diamond_2, grunt_vaults_entry_tiered
D:14:     minmay_wavy_crystal, hangedman_glass_teeth, amalloy_card_club
D:15:     gammafunk_depths_entry_grave, serial_bayou_pond_a, uniq_urug
Lair:1:   minivault_25, grunt_forest_stairs_basic, wad_woods_04
Lair:2:   basic_altar
Lair:3:   beast_lair_carwin_9
Lair:5:   beast_lair_carwin_large_2, minmay_swamp_entry_swarm,
          spider_nest_entry_a
Lair:6:   pond, infiniplex_staircase_pool, grunt_megastairs_4
Lair:7:   grunt_megastairs_2
Lair:8:   minmay_lair_end_frog_pond, minmay_slime_entry_pillars
Swamp:1:  nicolae_swamp_dense_foliage, uniq_aizul
Swamp:2:  hangedman_swamp_diagram, swamp_pool1, uniq_donald
Swamp:3:  hangedman_swamp_pad, uniq_roxanne, uniq_louise
Swamp:4:  swamp_fiery, swamp_pool5
Spider:1: nicolae_spider_hall_of_the_moth_king, hangedman_spider_mandibles,
          uniq_asterion, uniq_kirke, uniq_azrael
Spider:2: nicolae_crawler_farm
Spider:3: uniq_mara, uniq_nikola, uniq_arachne
Spider:4: johnstein_spider_rune_arachne_lair
Orc:1:    serial_shops, nicolae_shop_crystal
Orc:3:    portal_ice_cave_entry_ice_beasts, nicolae_orc_pool_cavern,
          nicolae_orc_bridge_out
Orc:4:    st_orc_congregation, enter_volcano_4
Vaults:1: vaults_dpeg_doors, nicolae_vaults_fighting_squares, v_misc_9,
          nicolae_vaults_three_branches, v_rooms_3, ontoclasm_vaults_hangar,
          vaults_room_grunt_arrival_ludios, nicolae_vaults_little_squares_3,
          vaults_room_fours, nicolae_vaults_shelves_hall,
          vaults_room_semicircle, nicolae_vaults_border_crossing
IceCv:    ice_cave_caverns_02
Volcano:  volcano_caves
